 Dungeon Crawl Stone Soup version 0.18-a0-1788-g92de1ac (webtiles) character file.

25 namelastname112 the Ruffian (level 2, 5/23 HPs)
             Began as a Draconian Transmuter on Apr 19, 2016.
             Quit the game on level 2 of the Dungeon.
             The game lasted 00:01:02 (1179 turns).

namelastname112 the Ruffian (Draconian Transmuter)  Turns: 1179, Time: 00:01:03

Health: 5/23       AC:  4    Str: 12    XL:     2   Next: 82%
Magic:  5/5        EV: 12    Int: 18    God:
Gold:   80         SH:  0    Dex: 11    Spells: 1 memorised, 4 levels left

rFire  . . .     SeeInvis .       - Unarmed
rCold  . . .     Gourm    .     (armour unavailable)
rNeg   . . .     Faith    .     (no shield)
rPois  .         Spirit   .     (helmet restricted)
rElec  .         Dismiss  .     (no cloak)
rCorr  .         Reflect  .     (no gloves)
SustAt .         Harm     .     (no boots)
MR     .....                    (no amulet)
Stlth  +.........               (no ring)
                                (no ring)

@: brilliant, lethally poisoned (5 -> -6), very slightly contaminated,
invisible, not resistant to hostile enchantments, very unstealthy
A: unfitting armour, cold-blooded, AC +4
a: no special abilities


You were on level 2 of the Dungeon.
You were hungry.

You visited 1 branch of the dungeon, and saw 2 of its levels.

You collected 80 gold pieces.

Inventory:

Missiles
 a - 27 arrows
Scrolls
 d - a scroll of remove curse {unknown}
 e - a scroll of teleportation {unknown}
 h - a scroll of noise {unknown}
Potions
 f - a potion of brilliance
Books
 b - a book of Changes

   Spells                             Type                      Level
   a - Beastly Appendage              Transmutation                1
   b - Sticks to Snakes               Transmutation                2
   c - Spider Form                    Transmutation/Poison         3
   d - Ice Form                       Ice/Transmutation            4
   e - Blade Hands                    Transmutation                5
Comestibles
 c - a bread ration


   Skills:
 - Level 1.1 Fighting
 - Level 1.7 Dodging
 + Level 4.1 Unarmed Combat
 - Level 2.0 Spellcasting
 - Level 2.0 Transmutations


You had 4 spell levels left.
You knew the following spells:

 Your Spells              Type           Power        Failure   Level  Hunger
a - Beastly Appendage     Trmt           ###...       1%          1    #......


Dungeon Overview and Level Annotations

Branches:
Dungeon (2/15)

Altars:


Innate Abilities, Weirdness & Mutations

Your plain brown scales are hard (AC +4).
Your body does not fit into most forms of armour.
You are cold-blooded and may be slowed by cold attacks.


Message History

You are very lightly contaminated with residual magic.
You are invisible.
Your movement speed is average.
Your attack speed is above average.
Your base attributes are Str 12, Int 13, Dex 11.
You are not resistant to hostile enchantments.
You are very unstealthy.
Wield which item (- for none, * to show all)? (? for menu, Esc to quit)
Okay, then.
* * * LOW HITPOINT WARNING * * *
You feel sick.
You take 1 damage, and have 6/23 hp.
* * * LOW HITPOINT WARNING * * *
You feel sick.
You take 1 damage, and have 5/23 hp.
* * * LOW HITPOINT WARNING * * *
You feel sick. The adder barely misses you.
Are you sure you want to abandon this character and quit the game? (Confirm with "yes".)
Okay, then.
Are you sure you want to abandon this character and quit the game? (Confirm with "yes".)

#.# #.#
###.#####.#
#.........#
#.#.#######
#.#.# #.#.#
#.#.#######
#.#.....[@#
#.#######S# #.#
#.# #.. #w##
#.#g########
#[###........
## #.########
#.#w.g.....
.......g#######


You could see a worm, an adder and a goblin.

Vanquished Creatures
  An adder (D:2)
  A giant gecko (D:1)
  2 giant cockroaches
  2 hobgoblins (D:1)
  4 kobolds (D:1)
  A bat (D:1)
  A giant newt (D:1)
  4 rats
16 creatures vanquished.

Notes
Turn   | Place    | Note
--------------------------------------------------------------
     0 | D:1      | namelastname112 the Draconian Transmuter began the quest for the Orb.
     0 | D:1      | Reached XP level 1. HP: 16/16 MP: 3/3
   471 | D:1      | You fall through a shaft!
   492 | D:2      | Reached XP level 2. HP: 9/23 MP: 5/5
   791 | D:1      | Reached skill level 4 in Unarmed Combat
  1179 | D:2      | Quit the game

Vault maps used:
D:1:      minmay_arrival_hallway
D:2:      first_bread, minmay_ruptured

Skill      XL: |  1  2 |
---------------+-------+-----
Unarmed Combat | 4 |  4.1
Fighting       | |  1.1
Dodging        | |  1.7
Spellcasting   | |  2.0
Transmutations | |  2.0

Action                   || total
-------------------------++-------
Melee: Unarmed           ||    85
       Tailslap          ||     5
  Use: Potion            ||     3
 Stab: Sleeping          ||     1
Armor: Skin              ||    20
Dodge: Dodged            ||    47
